 Dungeon Crawl Stone Soup version 0.31-a0-771-g505c3d19dc (webtiles) character file.

Game seed: 15615448876228863615

109 Newt the Shooter (level 5, -2/49 HPs)
             Began as a Kobold Hunter on Sept 16, 2023.
             Succumbed to an orc's poison
             ... on level 3 of the Dungeon.
             The game lasted 00:01:29 (1895 turns).

Newt the Shooter (Kobold Hunter)                    Turns: 1895, Time: 00:01:30

Health: -2/49      AC:  3    Str:  9    XL:     5   Next: 13%
Magic:  5/5        EV: 14    Int: 10    God:
Gold:   56         SH:  0    Dex: 20    Spells: 4/4 levels left

rFire   . . .        a - +1 shortbow
rCold   . . .        (shield currently unavailable)
rNeg    . . .        c - +0 leather armour
rPois   .            (no helmet)
rElec   .            (no cloak)
rCorr   .            (no gloves)
SInv    .            (no boots)
Will    .....        (no amulet) Stlth
                     (no ring)
HPRegen 0.28/turn    (no ring)
MPRegen 0.09/turn

%: no passive effects
@: berserking (expiring), lethally poisoned (-2 -> -19), very quick
A: small, no large weapons, nightstalker 3
a: no special abilities


You were on level 3 of the Dungeon.
You visited 1 branch of the dungeon, and saw 3 of its levels.

You collected 56 gold pieces.

Inventory:

Hand Weapons
 a - a +1 shortbow (weapon)
Armour
 c - a +0 leather armour (worn)
Scrolls
 b - a scroll of butterflies
Potions
 d - 2 potions of enlightenment
 e - 2 potions of magic
 g - a potion of curing {unknown}


   Skills:
 - Level 4.0 Fighting
 + Level 6.9 Ranged Weapons
 - Level 2.4 Dodging
 - Level 1.3 Stealth


You had 4 spell levels left.
You didn't know any spells.
Your spell library contained the following spells:

 Spells                   Type           Power      Damage    Failure   Level
 Sting                    Tmut/Pois      0%         1d3       47%         1
 Blink                    Tloc           0%         N/A       63%         2
 Gell's Gravitas          Tloc           0%         N/A       85%         3
 Teleport Other           Tloc           0%         N/A       85%         3
 Manifold Assault         Tloc           0%         N/A       99%         4
 Dispersal                Tloc           0%         N/A       100%        6


Dungeon Overview and Level Annotations

Branches:
Dungeon (3/15)

Altars:


Innate Abilities, Weirdness & Mutations

You are small and have problems with some larger weapons.
You are completely attuned to the shadows.


Message History

You are too confused!
Unknown command.
You are too confused!
Unknown command.
The orc wizard attacks as it pursues you!
The orc wizard completely misses you.
You clumsily bash the orc wizard but do no damage.
The orc wizard is heavily wounded.
The orc wizard hits you with a +0 dagger.
The hobgoblin barely misses you. The orc wizard closely misses you.
The hobgoblin attacks as it pursues you!
The hobgoblin closely misses you. The hobgoblin barely misses you.
The orc hits you with a +2 whip of venom.
You are poisoned.
The hobgoblin hits you but does no damage.
You feel sick. The hobgoblin closely misses you.
You closely miss the orc.
You feel less confused.
You feel very sick.
The orc hits you with a +2 whip of venom!
* * * LOW HITPOINT WARNING * * *
You are lethally poisoned!
The hobgoblin closely misses you. The orc wizard barely misses you.
The orc hits you with a +2 whip of venom.
* * * LOW HITPOINT WARNING * * *
You are more poisoned.
It was a potion of berserk rage.
A red film seems to cover your vision as you go berserk!
You feel yourself moving faster!
You feel mighty!
* * * LOW HITPOINT WARNING * * *
You feel very sick.
The hobgoblin hits you but does no damage.
The orc wizard barely misses you. The orc barely misses you.
You feel a strong urge to attack something.
* * * LOW HITPOINT WARNING * * *
You feel very sick. The orc wizard closely misses you.
There is an open door here.
You die...

......# .
......# ..
......#...
............
.....†.##...
.......#####
.)..........
......o######
.....og'@.[.#
.......####.#
.......#
########


You could see an orc wizard, an orc and a hobgoblin.

Vanquished Creatures
  3 adders
  2 worms (D:2)
  A dart slug (D:1)
  An orc (D:3)
  6 bats
  4 endoplasms
  3 giant cockroaches
  9 goblins
  10 hobgoblins
  4 jackals (D:1)
  4 kobolds
  3 quokkas
  7 ball pythons
  2 frilled lizards
  4 rats
63 creatures vanquished.

Notes
Turn   | Place    | Note
-------+----------+-------------------------------------------
     0 | D:1      | Newt the Kobold Hunter began the quest for the Orb.
     0 | D:1      | Reached XP level 1. HP: 12/12 MP: 1/1
    59 | D:1      | Reached XP level 2. HP: 18/18 MP: 2/2
   212 | D:1      | Reached XP level 3. HP: 23/23 MP: 3/3
   846 | D:2      | Reached XP level 4. HP: 29/29 MP: 4/4
   907 | D:2      | Reached skill level 6 in Ranged Weapons
  1012 | D:2      | Found a faded altar of an unknown god.
  1020 | D:2      | Got torn
  1778 | D:3      | Reached XP level 5. HP: 26/33 MP: 5/5
  1894 | D:3      | HP: 1/49 [poisoned by an orc]
  1895 | D:3      | Succumbed to an orc's poison

Illustrated notes

Levels and vault maps discovered:
D:1:      heliophobic_arrival_ceremonial_halls, layout_loops_cross
D:2:      layout_basic, shapermc_ecumenical_altar_rom_forum
D:3:      minmay_razor_zed, layout_basic, kennysheep_generic_room_2

Skill      XL: |  1  2  3  4 |
---------------+-------------+-----
Fighting       | 3 4 |  4.0
Ranged Weapons | 6 |  6.9
Dodging        | |  2.4
Stealth        | |  1.3

Action                     |  1- 3 |  4- 6 || total
---------------------------+-------+-------++-------
  Melee: Shortbow          |       |     2 ||     2
   Fire: Shortbow          |    88 |    79 ||   167
    Use: Scroll            |     1 |     3 ||     4
         Potion            |       |     1 ||     1
 Armour: Leather armour    |    25 |    21 ||    46
  Dodge: Dodged            |    43 |    30 ||    73

Table legend: (Time is in decaauts)
 A = Elapsed time spent in this place.
 B = Non-inter-level travel time spent in this place.
 C = Inter-level travel time spent in this place.
 D = Time resting spent in this place.
 E = Time spent auto-exploring this place.
 F = Levels seen in this place.
 G = Mean time per level.
                   A        B        C        D        E       F      G
               +--------+--------+--------+--------+--------+-----+--------+
         Total |   1924 |   1889 |     35 |      0 |   1595 |   3 |  641.3 |
       Dungeon |   1924 |   1889 |     35 |      0 |   1595 |   3 |  641.3 |
               +--------+--------+--------+--------+--------+-----+--------+

Top non-repeatable levels by time:
     D:2: 896 daAuts
     D:1: 791 daAuts
     D:3: 236 daAuts
